Boston Bruins vs Edmonton Oilers
Created - Tuesday, December 12, 2023 at 07:26
Goals
|
| Boston Bruins |
1 |
3 |
3 |
7 |
| Edmonton Oilers |
1 |
2 |
3 |
6 |
|
Shots
|
| Boston Bruins |
8 |
17 |
13 |
38 |
| Edmonton Oilers |
16 |
12 |
16 |
44 |
|
1st period
1. Boston Bruins , Joe Veleno 10 (Samuel Girard 18, John-Jason Peterka 24) at 1:51
2. Edmonton Oilers , Evan Bouchard 5 (Unassisted) at 15:52
Penalties :
Brandon Hagel (BOS) for High sticking (Minor) at 11:08, Scott Mayfield (EDM) for Holding (Minor) at 16:30
2nd period
3. Boston Bruins , Joel Farabee 30 (Ryan Donato 25) at 0:26 (PP)
4. Boston Bruins , Ryan Donato 20 (Tyson Barrie 28, Phil Kessel 24) at 4:32
5. Boston Bruins , Phil Kessel 20 (Sean Durzi 22, Ryan Donato 26) at 11:50
6. Edmonton Oilers , David Perron 27 (Adrian Kempe 40, Evan Bouchard 14) at 12:45 (SH)
7. Edmonton Oilers , David Perron 28 (Evan Bouchard 15) at 12:53 (SH)
Penalties :
David Perron (EDM) for Goalie Interference (Minor) at 0:15, Brandon Hagel (BOS) for Roughing (Minor) at 0:37, Jacob Trouba (EDM) for Fighting (Major) at 10:40, Mathieu Olivier (BOS) for Fighting (Major) at 10:40, Brandon Carlo (EDM) for Holding (Minor) at 11:53, Brandon Carlo (EDM) for Elbowing (Minor) at 14:05
3rd period
8. Boston Bruins , Phil Kessel 21 (Joel Farabee 34, Samuel Girard 19) at 1:20 (PP)
9. Edmonton Oilers , Mikael Backlund 15 (Jake DeBrusk 21) at 1:24
10. Edmonton Oilers , Jeff Carter 8 (David Perron 41, Jacob Trouba 21) at 3:45
11. Boston Bruins , Anthony Beauvillier 20 (Brandon Hagel 37, Pavel Zacha 45) at 17:42 (PP)
12. Edmonton Oilers , Boone Jenner 30 (Brandon Carlo 11, David Perron 42) at 19:31
13. Boston Bruins , John-Jason Peterka 16 (Nicholas Merkley 15, Joe Veleno 14) at 19:45
Penalties :
David Perron (EDM) for Tripping (Minor) at 0:22, Scott Mayfield (EDM) for Hooking (Minor) at 1:35, Tyson Barrie (BOS) for Hooking (Minor) at 11:41, Brett Pesce (EDM) for Interference (Minor) at 17:36
Goalie Stats
Leevi Merilainen (BOS), 38 saves from 44 shots - (0.864), W, 11-16-4, 60:00 minutes
Matt Murray (EDM), 31 saves from 38 shots - (0.816), L, 9-11-2, 59:00 minutes
Players Stats for Boston Bruins
Player Name G A P +/- PIM S H SB GA TA FO MP PP MP PK MP
------------------------------------------------------------------------------------
Anthony Beauvillier 1 0 1 -2 0 4 1 1 2 0 1/6 21:47 4:37 2:54
Brandon Hagel 0 1 1 -2 4 3 2 1 0 0 0/3 19:40 4:37 0:56
Charlie McAvoy 0 0 0 -2 0 1 2 0 0 1 0/0 23:19 4:38 3:13
Dylan Gambrell 0 0 0 0 0 0 1 2 0 0 1/5 7:47 0:00 0:00
Jacob Larsson 0 0 0 -1 0 0 0 2 0 0 0/0 12:48 0:00 0:00
Joe Veleno 1 1 2 1 0 3 1 0 0 1 5/19 12:31 0:00 1:31
Joel Farabee 1 1 2 -1 0 6 0 0 1 0 0/1 16:23 4:34 0:00
John-Jason Peterka 1 1 2 1 0 4 1 1 0 1 1/1 10:54 0:00 0:00
Joonas Donskoi 0 0 0 0 0 0 2 0 0 0 0/0 7:47 0:00 0:00
Mathieu Olivier 0 0 0 0 5 0 2 0 1 0 0/0 7:46 0:00 0:00
Matt Grzelcyk 0 0 0 -1 0 0 0 2 0 1 0/0 14:01 0:00 1:13
Nicholas Merkley 0 1 1 1 0 1 1 1 1 0 1/1 10:54 0:00 0:00
Pavel Zacha 0 1 1 -2 0 3 0 0 0 0 10/25 21:16 4:37 2:58
Phil Kessel 2 1 3 -1 0 5 0 0 0 1 0/0 19:52 4:34 2:54
Ryan Donato 1 2 3 -1 0 3 1 0 0 0 8/21 17:10 4:34 0:41
Samuel Girard 0 2 2 1 0 1 0 2 3 0 0/0 23:53 4:33 2:44
Sean Durzi 0 1 1 1 0 2 2 2 0 0 0/0 24:05 4:33 2:56
Tyson Barrie 0 1 1 -2 2 2 0 0 0 1 0/0 22:06 4:38 1:48
Players Stats for Edmonton Oilers
Player Name G A P +/- PIM S H SB GA TA FO MP PP MP PK MP
------------------------------------------------------------------------------------
Adrian Kempe 0 1 1 1 0 2 1 0 0 1 4/8 19:25 3:10 4:23
Boone Jenner 1 0 1 1 0 3 3 0 0 1 15/21 19:26 3:11 4:23
Brandon Carlo 0 1 1 -1 4 1 2 2 0 0 0/0 21:18 2:26 2:31
Brett Pesce 0 0 0 0 2 0 4 1 0 2 0/0 25:06 3:31 6:22
Brock Boeser 0 0 0 1 0 4 0 0 1 0 0/1 14:39 2:00 0:00
David Farrance 0 0 0 -2 0 1 1 2 0 0 0/0 12:52 0:00 0:00
David Perron 2 2 4 3 4 4 2 1 1 1 2/6 18:57 3:08 4:05
Dawson Mercer 0 0 0 -2 0 5 0 0 1 0 1/1 12:57 0:34 0:36
Derek Grant 0 0 0 0 0 6 1 0 1 0 5/7 8:52 0:21 0:00
Dylan Holloway 0 0 0 0 0 1 0 0 0 0 0/0 8:31 0:00 0:00
Evan Bouchard 1 2 3 5 0 0 1 2 0 1 0/0 25:07 3:31 5:55
Jacob Trouba 0 1 1 -1 5 2 1 0 1 0 0/0 20:55 2:26 2:53
Jake DeBrusk 0 1 1 3 0 2 2 1 0 0 0/3 19:18 1:57 4:39
Jeff Carter 1 0 1 -2 0 5 1 1 1 0 11/16 12:04 0:40 0:00
Mikael Backlund 1 0 1 0 0 4 1 2 0 1 15/17 14:38 2:00 0:00
Paul Stastny 0 0 0 -2 0 1 1 0 0 0 2/2 12:53 0:50 0:16
Scott Mayfield 0 0 0 3 4 0 1 0 0 1 0/0 15:15 0:00 0:45
Tanner Jeannot 0 0 0 0 0 3 0 0 0 0 0/0 8:31 0:00 0:00
3 Stars
1 - Evan Bouchard (EDM)
2 - David Perron (EDM)
3 - Phil Kessel (BOS)
Power Play
Boston Bruins - 3 on 8 Attempt(s) - 37.50%
Edmonton Oilers - 0 on 2 Attempt(s) - 0.00%
Penalty Kill
Boston Bruins - 2 on 2 Attempt(s) - 100.00%
- Score 0 goal in Penalty Kill
Edmonton Oilers - 5 on 8 Attempt(s) - 62.50%
- Score 2 goal in Penalty Kill
Team Stat
Boston Bruins - Hits : 16 - Faceoff Wins : 27 - Blocked Shots : 14 - Penalty Minutes : 11
Edmonton Oilers - Hits : 22 - Faceoff Wins : 55 - Blocked Shots : 12 - Penalty Minutes : 19
Official
Referees : Chris Rooney and Justin StPierre
Linesman : Shandor Alphonso and Mike Cvik
Game Notes
15:52 of 1st period - Penalty Shot by Evan Bouchard for Edmonton Oilers - Goal!
Jacob Trouba beats up Mathieu Olivier at 10:40 of 2nd period
Finance
Level 1 -- Attendance: 6000 (100.00%) -- Ticket Income $540,000
Level 2 -- Attendance: 4428 (88.56%) -- Ticket Income $221,400
Level 3 -- Attendance: 2522 (84.07%) -- Ticket Income $75,660
Level 4 -- Attendance: 4482 (89.64%) -- Ticket Income $89,640
Luxury Box -- Attendance: 958 (95.80%) -- Ticket Income $182,020
Game was played at the Rexall Place.
Total Attendance: 18390 (91.95%)
Total Ticket Income: $1,108,720
Other Income: $388,052
Total Income: $1,496,772
Boston Bruins
5 vs 5 Forward
Center Left Wing Right Wing Time % Phy DF OF
1 Pavel Zacha Brandon Hagel Anthony Beauvillier 30 1 2 2
2 Ryan Donato Joel Farabee Phil Kessel 30 1 2 2
3 Joe Veleno John-Jason Peterka Nicholas Merkley 25 1 2 2
4 Dylan Gambrell Joonas Donskoi Mathieu Olivier 15 1 2 2
5 vs 5 Defense
Defense Defense Time % Phy DF OF
1 Charlie McAvoy Tyson Barrie 35 1 2 2
2 Sean Durzi Samuel Girard 35 1 2 2
3 Matt Grzelcyk Jacob Larsson 30 1 2 2
4 Charlie McAvoy Tyson Barrie 0 1 2 2
PowerPlay Forward
Center Left Wing Right Wing Time % Phy DF OF
1 Pavel Zacha Brandon Hagel Anthony Beauvillier 50 1 2 2
2 Ryan Donato Joel Farabee Phil Kessel 50 1 2 2
PowerPlay Defense
Defense Defense Time % Phy DF OF
1 Charlie McAvoy Tyson Barrie 50 1 2 2
2 Sean Durzi Samuel Girard 50 1 2 2
Penalty Kill 4 Players Forward
Center Wing Time % Phy DF OF
1 Brandon Hagel Pavel Zacha 50 1 2 2
2 Anthony Beauvillier Phil Kessel 50 1 2 2
Penalty Kill 4 Players Defense
Defense Defense Time % Phy DF OF
1 Charlie McAvoy Tyson Barrie 50 1 2 2
2 Sean Durzi Samuel Girard 50 1 2 2
Penalty Kill - 3 Players Forward
Forward Time % Phy DF OF
1 Brandon Hagel 50 1 2 2
2 Pavel Zacha 50 1 2 2
Penalty Kill - 3 Players Defense
Defense Defense Time % Phy DF OF
1 Charlie McAvoy Tyson Barrie 50 1 2 2
2 Sean Durzi Samuel Girard 50 1 2 2
4 vs 4 Forward
Center Wing Time % Phy DF OF
1 Brandon Hagel Pavel Zacha 50 1 2 2
2 Anthony Beauvillier Phil Kessel 50 1 2 2
4 vs 4 Defense
Defense Defense Time % Phy DF OF
1 Charlie McAvoy Tyson Barrie 50 1 2 2
2 Sean Durzi Samuel Girard 50 1 2 2
Last Minutes Offensive
Center Left Wing Right Wing Defense Defense
Pavel Zacha Brandon Hagel Anthony Beauvillier Charlie McAvoy Tyson Barrie
Last Minutes Defensive
Center Left Wing Right Wing Defense Defense
Pavel Zacha Brandon Hagel Anthony Beauvillier Charlie McAvoy Tyson Barrie
Goaltenders
Starting : Leevi Merilainen
Backup : Kyle Keyser
Extra Forwards
Normal : John-Jason Peterka, Nicholas Merkley, Joe Veleno - PP : John-Jason Peterka, Nicholas Merkley - PK : Joe Veleno
Extra Defensemen
Normal : Matt Grzelcyk, Charlie McAvoy, Sean Durzi - PP : Matt Grzelcyk - PK : Tyson Barrie, Sean Durzi
Penalty Shots
Brandon Hagel, Pavel Zacha, Anthony Beauvillier, Phil Kessel, Joel Farabee
Edmonton Oilers
5 vs 5 Forward
Center Left Wing Right Wing Time % Phy DF OF
1 Boone Jenner Adrian Kempe David Perron 30 1 2 2
2 Mikael Backlund Jake DeBrusk Brock Boeser 30 1 2 2
3 Jeff Carter Paul Stastny Dawson Mercer 25 1 2 2
4 Derek Grant Dylan Holloway Tanner Jeannot 15 1 2 2
5 vs 5 Defense
Defense Defense Time % Phy DF OF
1 Jacob Trouba Brandon Carlo 35 1 2 2
2 Evan Bouchard Scott Mayfield 35 1 2 2
3 Brett Pesce David Farrance 30 1 2 2
4 Jacob Trouba Brandon Carlo 0 1 2 2
PowerPlay Forward
Center Left Wing Right Wing Time % Phy DF OF
1 Boone Jenner Adrian Kempe David Perron 50 1 2 2
2 Mikael Backlund Jake DeBrusk Brock Boeser 50 1 2 2
PowerPlay Defense
Defense Defense Time % Phy DF OF
1 Jacob Trouba Brandon Carlo 50 1 2 2
2 Evan Bouchard Brett Pesce 50 1 2 2
Penalty Kill 4 Players Forward
Center Wing Time % Phy DF OF
1 Adrian Kempe Boone Jenner 50 1 2 2
2 David Perron Jake DeBrusk 50 1 2 2
Penalty Kill 4 Players Defense
Defense Defense Time % Phy DF OF
1 Jacob Trouba Brandon Carlo 50 1 2 2
2 Evan Bouchard Brett Pesce 50 1 2 2
Penalty Kill - 3 Players Forward
Forward Time % Phy DF OF
1 Adrian Kempe 50 1 2 2
2 Boone Jenner 50 1 2 2
Penalty Kill - 3 Players Defense
Defense Defense Time % Phy DF OF
1 Jacob Trouba Brandon Carlo 50 1 2 2
2 Evan Bouchard Brett Pesce 50 1 2 2
4 vs 4 Forward
Center Wing Time % Phy DF OF
1 Adrian Kempe Boone Jenner 50 1 2 2
2 David Perron Jake DeBrusk 50 1 2 2
4 vs 4 Defense
Defense Defense Time % Phy DF OF
1 Jacob Trouba Brandon Carlo 50 1 2 2
2 Evan Bouchard Brett Pesce 50 1 2 2
Last Minutes Offensive
Center Left Wing Right Wing Defense Defense
Boone Jenner Adrian Kempe David Perron Jacob Trouba Brandon Carlo
Last Minutes Defensive
Center Left Wing Right Wing Defense Defense
Boone Jenner Adrian Kempe David Perron Jacob Trouba Brandon Carlo
Goaltenders
Starting : Matt Murray
Backup : Juuse Saros
Extra Forwards
Normal : Paul Stastny, Jeff Carter, Dawson Mercer - PP : Paul Stastny, Jeff Carter - PK : Dawson Mercer
Extra Defensemen
Normal : Brett Pesce, Jacob Trouba, Evan Bouchard - PP : Brett Pesce - PK : Brandon Carlo, Evan Bouchard
Penalty Shots
Adrian Kempe, Boone Jenner, David Perron, Jake DeBrusk, Mikael Backlund
% Time on Ice - Boston Bruins
Lines # - Real PCT - Wanted PCT - Time Play
Normal Forward
1 - 30% - 30% - 13:33
2 - 28% - 30% - 12:24
3 - 24% - 25% - 10:54
4 - 17% - 15% - 7:47
Normal Defense
1 - 34% - 35% - 15:14
2 - 37% - 35% - 16:36
3 - 29% - 30% - 12:48
4 - 0% - 0% - 0:00
PP Forward
1 - 50% - 50% - 4:37
2 - 50% - 50% - 4:34
PP Defense
1 - 50% - 50% - 4:38
2 - 50% - 50% - 4:33
PK Forward
1 - 51% - 50% - 3:03
2 - 49% - 50% - 2:54
PK Defense
1 - 54% - 50% - 3:13
2 - 46% - 50% - 2:44
PK3 Forward
1 - 0% - 50%
2 - 0% - 50%
PK3 Defense
1 - 0% - 50%
2 - 0% - 50%
44 Forward
1 - 0% - 50%
2 - 0% - 50%
44 Defense
1 - 0% - 50%
2 - 0% - 50%
Last Minute Offensive - 0:00
Last Minute Defensive - 0:14
Total
Forward - 60:00
Defense - 60:00
|
% Time on Ice - Edmonton Oilers
Lines # - Real PCT - Wanted PCT - Time Play
Normal Forward
1 - 25% - 30% - 11:02
2 - 30% - 30% - 13:05
3 - 26% - 25% - 11:24
4 - 19% - 15% - 8:31
Normal Defense
1 - 36% - 35% - 15:42
2 - 35% - 35% - 15:28
3 - 29% - 30% - 12:52
4 - 0% - 0% - 0:00
PP Forward
1 - 66% - 50% - 3:57
2 - 34% - 50% - 2:00
PP Defense
1 - 41% - 50% - 2:26
2 - 59% - 50% - 3:31
PK Forward
1 - 48% - 50% - 4:27
2 - 52% - 50% - 4:44
PK Defense
1 - 65% - 50% - 5:57
2 - 35% - 50% - 3:14
PK3 Forward
1 - 0% - 50%
2 - 0% - 50%
PK3 Defense
1 - 0% - 50%
2 - 0% - 50%
44 Forward
1 - 0% - 50%
2 - 0% - 50%
44 Defense
1 - 0% - 50%
2 - 0% - 50%
Last Minute Offensive - 0:50
Last Minute Defensive - 0:00
Total
Forward - 60:00
Defense - 60:00
|
Play-by-Play
1st period
0:01 of 1st period - Boone Jenner wins face-off versus Pavel Zacha in neutral zone.
0:39 of 1st period - Slapshot by Mikael Backlund.
0:39 of 1st period - Shot Blocked by Samuel Girard.
0:49 of 1st period - Snap shot by John-Jason Peterka.
0:49 of 1st period - Shot Misses the Net.
0:59 of 1st period - Snap shot by Dawson Mercer.
0:59 of 1st period - Deflect By Jeff Carter.
0:59 of 1st period - Shot Misses the Net.
0:59 of 1st period - Puck is out of play.
1:00 of 1st period - Derek Grant wins face-off versus Dylan Gambrell in Boston Bruins zone.
1:03 of 1st period - Backhand shot by Derek Grant.
1:03 of 1st period - Stopped by Leevi Merilainen with a rebound.
1:05 of 1st period - Snap shot by Tanner Jeannot.
1:05 of 1st period - Shot Misses the Net.
1:31 of 1st period - Snap shot by Pavel Zacha.
1:31 of 1st period - Shot Misses the Net.
1:47 of 1st period - Wrist shot by John-Jason Peterka.
1:47 of 1st period - Shot Blocked by David Farrance.
1:49 of 1st period - Slapshot by Samuel Girard.
1:49 of 1st period - Deflect By Joe Veleno.
1:49 of 1st period - Stopped by Matt Murray with a rebound.
1:51 of 1st period - Snap shot by Joe Veleno.
1:51 of 1st period - Goal by Joe Veleno - Boston Bruins : 1 - Edmonton Oilers : 0.
1:52 of 1st period - Ryan Donato wins face-off versus Boone Jenner in neutral zone.
1:57 of 1st period - Boone Jenner is hit by Ryan Donato and loses puck.
2:08 of 1st period - Snap shot by Phil Kessel.
2:08 of 1st period - Stopped by Matt Murray with a rebound.
2:18 of 1st period - Tyson Barrie is hit by Scott Mayfield.
2:26 of 1st period - Wrist shot by Dawson Mercer.
2:26 of 1st period - Stopped by Leevi Merilainen without a rebound.
2:27 of 1st period - Mikael Backlund wins face-off versus Pavel Zacha in Boston Bruins zone.
2:28 of 1st period - Wrist shot by Brock Boeser.
2:28 of 1st period - Shot Blocked by Brandon Hagel.
2:54 of 1st period - Snap shot by Derek Grant.
2:54 of 1st period - Stopped by Leevi Merilainen without a rebound.
2:55 of 1st period - Derek Grant wins face-off versus Joel Farabee in Boston Bruins zone.
3:06 of 1st period - Snap shot by Derek Grant.
3:06 of 1st period - Stopped by Leevi Merilainen with a rebound.
3:08 of 1st period - Slapshot by Scott Mayfield.
3:08 of 1st period - Shot Misses the Net.
3:10 of 1st period - Backhand shot by Tanner Jeannot.
3:10 of 1st period - Stopped by Leevi Merilainen without a rebound.
3:11 of 1st period - Boone Jenner wins face-off versus Dylan Gambrell in Boston Bruins zone.
3:22 of 1st period - Wrist shot by Adrian Kempe.
3:22 of 1st period - Shot Misses the Net.
3:40 of 1st period - Off-side.
3:41 of 1st period - Jeff Carter wins face-off versus Joe Veleno in neutral zone.
4:19 of 1st period - Snap shot by Mikael Backlund.
4:19 of 1st period - Shot Misses the Net.
5:31 of 1st period - Jacob Trouba is hit by John-Jason Peterka and loses puck.
5:42 of 1st period - Backhand shot by Mathieu Olivier.
5:42 of 1st period - Shot Blocked by Brandon Carlo.
7:25 of 1st period - Snap shot by Brandon Hagel.
7:25 of 1st period - Shot Blocked by David Perron.
7:39 of 1st period - Snap shot by Ryan Donato.
7:39 of 1st period - Deflect By Tanner Jeannot.
7:39 of 1st period - Shot Misses the Net.
7:39 of 1st period - Puck is out of play.
7:40 of 1st period - Derek Grant wins face-off versus Ryan Donato in Edmonton Oilers zone.
7:49 of 1st period - Charlie McAvoy is hit by Derek Grant.
8:35 of 1st period - Wrist shot by Joel Farabee.
8:35 of 1st period - Stopped by Matt Murray with a rebound.
9:27 of 1st period - Snap shot by Joel Farabee.
9:27 of 1st period - Shot Misses the Net.
9:29 of 1st period - Wrist shot by Joel Farabee.
9:29 of 1st period - Deflect By Phil Kessel.
9:29 of 1st period - Shot Misses the Net.
9:29 of 1st period - Puck is out of play.
9:30 of 1st period - Mikael Backlund wins face-off versus Joe Veleno in Edmonton Oilers zone.
9:45 of 1st period - Scott Mayfield is hit by Nicholas Merkley and loses puck.
9:59 of 1st period - Wrist shot by Scott Mayfield.
9:59 of 1st period - Shot Blocked by Samuel Girard.
10:07 of 1st period - Wrist shot by Dawson Mercer.
10:07 of 1st period - Deflect By Brandon Hagel.
10:07 of 1st period - Shot Misses the Net.
10:07 of 1st period - Puck is out of play.
10:08 of 1st period - Nicholas Merkley wins face-off versus Boone Jenner in Boston Bruins zone.
10:10 of 1st period - Icing by John-Jason Peterka.
10:11 of 1st period - Boone Jenner wins face-off versus Joe Veleno in Boston Bruins zone.
10:24 of 1st period - Snap shot by Adrian Kempe.
10:24 of 1st period - Shot Blocked by Matt Grzelcyk.
10:37 of 1st period - Brandon Carlo is hit by Brandon Hagel and loses puck.
10:42 of 1st period - Wrist shot by Anthony Beauvillier.
10:42 of 1st period - Shot Misses the Net.
10:44 of 1st period - Slapshot by Matt Grzelcyk.
10:44 of 1st period - Shot Misses the Net.
10:54 of 1st period - Wrist shot by Brock Boeser.
10:54 of 1st period - Stopped by Leevi Merilainen with a rebound.
11:02 of 1st period - Slapshot by Mikael Backlund.
11:02 of 1st period - Stopped by Leevi Merilainen with a rebound.
11:04 of 1st period - Slapshot by Jake DeBrusk.
11:04 of 1st period - Stopped by Leevi Merilainen without a rebound.
11:05 of 1st period - Jeff Carter wins face-off versus Pavel Zacha in Boston Bruins zone.
11:06 of 1st period - Slapshot by Dawson Mercer.
11:06 of 1st period - Shot Blocked by Anthony Beauvillier.
11:08 of 1st period - Minor Penalty to Brandon Hagel for High sticking.
11:09 of 1st period - Joe Veleno wins face-off versus Boone Jenner in Boston Bruins zone.
11:09 of 1st period - Joe Veleno is hit by Brett Pesce.
12:31 of 1st period - Off-side.
12:32 of 1st period - Boone Jenner wins face-off versus Anthony Beauvillier in neutral zone.
13:08 of 1st period - Penalty to Brandon Hagel is over, Brandon Hagel is back on ice.
13:15 of 1st period - Icing by Samuel Girard.
13:16 of 1st period - Jeff Carter wins face-off versus Anthony Beauvillier in Boston Bruins zone.
13:27 of 1st period - Wrist shot by Jeff Carter.
13:27 of 1st period - Stopped by Leevi Merilainen with a rebound.
13:29 of 1st period - Backhand shot by Jacob Trouba.
13:29 of 1st period - Stopped by Leevi Merilainen without a rebound.
13:30 of 1st period - Joe Veleno wins face-off versus Jake DeBrusk in Boston Bruins zone.
13:30 of 1st period - Joe Veleno is hit by Mikael Backlund.
13:46 of 1st period - Slapshot by Tyson Barrie.
13:46 of 1st period - Shot Misses the Net.
13:56 of 1st period - Scott Mayfield is hit by Dylan Gambrell and loses puck.
14:25 of 1st period - Slapshot by Pavel Zacha.
14:25 of 1st period - Stopped by Matt Murray with a rebound.
14:27 of 1st period - Snap shot by Pavel Zacha.
14:27 of 1st period - Stopped by Matt Murray with a rebound.
14:46 of 1st period - Wrist shot by Tanner Jeannot.
14:46 of 1st period - Stopped by Leevi Merilainen without a rebound.
14:47 of 1st period - Mikael Backlund wins face-off versus Pavel Zacha in Boston Bruins zone.
14:52 of 1st period - Snap shot by Mikael Backlund.
14:52 of 1st period - Stopped by Leevi Merilainen with a rebound.
14:54 of 1st period - Slapshot by Brett Pesce.
14:54 of 1st period - Deflect By Brock Boeser.
14:54 of 1st period - Stopped by Leevi Merilainen without a rebound.
14:55 of 1st period - Mikael Backlund wins face-off versus Pavel Zacha in Boston Bruins zone.
14:56 of 1st period - Wrist shot by Brock Boeser.
14:56 of 1st period - Shot Misses the Net.
15:08 of 1st period - Snap shot by Brock Boeser.
15:08 of 1st period - Stopped by Leevi Merilainen without a rebound.
15:09 of 1st period - Boone Jenner wins face-off versus Joe Veleno in Boston Bruins zone.
15:42 of 1st period - Wrist shot by Brandon Hagel.
15:42 of 1st period - Shot Blocked by Evan Bouchard.
15:52 of 1st period - Penalty Shot by Evan Bouchard for Edmonton Oilers.
15:52 of 1st period - Snap shot by Evan Bouchard.
15:52 of 1st period - Goal by Evan Bouchard - Boston Bruins : 1 - Edmonton Oilers : 1.
15:53 of 1st period - Jeff Carter wins face-off versus Joe Veleno in neutral zone.
15:54 of 1st period - Jeff Carter wins face-off versus Joe Veleno in Edmonton Oilers zone.
15:54 of 1st period - Jeff Carter is hit by Joe Veleno.
16:06 of 1st period - Wrist shot by John-Jason Peterka.
16:06 of 1st period - Stopped by Matt Murray with a rebound.
16:08 of 1st period - Slapshot by Samuel Girard.
16:08 of 1st period - Stopped by Matt Murray without a rebound.
16:09 of 1st period - Paul Stastny wins face-off versus Pavel Zacha in Edmonton Oilers zone.
16:30 of 1st period - Minor Penalty to Scott Mayfield for Holding.
16:31 of 1st period - Adrian Kempe wins face-off versus Brandon Hagel in Edmonton Oilers zone.
18:30 of 1st period - Penalty to Scott Mayfield is over, Scott Mayfield is back on ice.
18:31 of 1st period - Charlie McAvoy is hit by Evan Bouchard and loses puck.
18:40 of 1st period - Snap shot by Dawson Mercer.
18:40 of 1st period - Stopped by Leevi Merilainen with a rebound.
18:52 of 1st period - Wrist shot by Dawson Mercer.
18:52 of 1st period - Stopped by Leevi Merilainen without a rebound.
18:53 of 1st period - Dylan Gambrell wins face-off versus Derek Grant in Boston Bruins zone.
18:53 of 1st period - Dylan Gambrell is hit by Brandon Carlo.
18:59 of 1st period - Tanner Jeannot is hit by Sean Durzi and loses puck.
19:18 of 1st period - John-Jason Peterka is hit by Jacob Trouba and loses puck.
Goals for this period are 1 for Boston Bruins vs 1 for Edmonton Oilers.
Shots for this period are 8 for Boston Bruins vs 16 for Edmonton Oilers.
2nd period
0:01 of 2nd period - Pavel Zacha wins face-off versus Boone Jenner in neutral zone.
0:15 of 2nd period - Minor Penalty to David Perron for Goalie Interference.
0:16 of 2nd period - Ryan Donato wins face-off versus Adrian Kempe in Edmonton Oilers zone.
0:16 of 2nd period - Snap shot by Joel Farabee.
0:16 of 2nd period - Shot Misses the Net.
0:18 of 2nd period - Slapshot by Ryan Donato.
0:18 of 2nd period - Deflect By Joel Farabee.
0:18 of 2nd period - Shot Misses the Net.
0:18 of 2nd period - Puck is out of play.
0:19 of 2nd period - Ryan Donato wins face-off versus Adrian Kempe in Edmonton Oilers zone.
0:26 of 2nd period - Wrist shot by Joel Farabee.
0:26 of 2nd period - Goal by Joel Farabee - Boston Bruins : 2 - Edmonton Oilers : 1.
0:27 of 2nd period - Jeff Carter wins face-off versus Anthony Beauvillier in neutral zone.
0:37 of 2nd period - Minor Penalty to Brandon Hagel for Roughing.
0:38 of 2nd period - Mikael Backlund wins face-off versus Anthony Beauvillier in Boston Bruins zone.
2:37 of 2nd period - Penalty to Brandon Hagel is over, Brandon Hagel is back on ice.
3:35 of 2nd period - Paul Stastny is hit by Mathieu Olivier and loses puck.
3:52 of 2nd period - Charlie McAvoy is hit by Jake DeBrusk and loses puck.
4:04 of 2nd period - Icing by John-Jason Peterka.
4:05 of 2nd period - Joe Veleno wins face-off versus David Perron in Boston Bruins zone.
4:17 of 2nd period - Joe Veleno is hit by Adrian Kempe and loses puck.
4:30 of 2nd period - Slapshot by Tyson Barrie.
4:30 of 2nd period - Shot Blocked by Brandon Carlo.
4:32 of 2nd period - Wrist shot by Ryan Donato.
4:32 of 2nd period - Goal by Ryan Donato - Boston Bruins : 3 - Edmonton Oilers : 1.
4:33 of 2nd period - Ryan Donato wins face-off versus Mikael Backlund in neutral zone.
4:35 of 2nd period - Off-side.
4:36 of 2nd period - Mikael Backlund wins face-off versus Ryan Donato in neutral zone.
4:40 of 2nd period - Off-side.
4:41 of 2nd period - Mikael Backlund wins face-off versus Ryan Donato in neutral zone.
4:48 of 2nd period - Wrist shot by Mikael Backlund.
4:48 of 2nd period - Stopped by Leevi Merilainen without a rebound.
4:49 of 2nd period - Boone Jenner wins face-off versus Pavel Zacha in Boston Bruins zone.
4:50 of 2nd period - Snap shot by David Perron.
4:50 of 2nd period - Stopped by Leevi Merilainen without a rebound.
4:51 of 2nd period - Boone Jenner wins face-off versus Pavel Zacha in Boston Bruins zone.
4:56 of 2nd period - Wrist shot by Adrian Kempe.
4:56 of 2nd period - Shot Blocked by Sean Durzi.
5:04 of 2nd period - Snap shot by Brandon Hagel.
5:04 of 2nd period - Shot Misses the Net.
5:06 of 2nd period - Snap shot by Anthony Beauvillier.
5:06 of 2nd period - Shot Hit the Post.
5:16 of 2nd period - Phil Kessel is hit by David Farrance and loses puck.
5:23 of 2nd period - Wrist shot by Phil Kessel.
5:23 of 2nd period - Stopped by Matt Murray with a rebound.
5:25 of 2nd period - Snap shot by Matt Grzelcyk.
5:25 of 2nd period - Shot Blocked by David Farrance.
6:05 of 2nd period - Wrist shot by Tanner Jeannot.
6:05 of 2nd period - Stopped by Leevi Merilainen without a rebound.
6:06 of 2nd period - Mikael Backlund wins face-off versus Pavel Zacha in Boston Bruins zone.
6:21 of 2nd period - Snap shot by Brandon Hagel.
6:21 of 2nd period - Stopped by Matt Murray with a rebound.
7:16 of 2nd period - Snap shot by Brandon Hagel.
7:16 of 2nd period - Stopped by Matt Murray without a rebound.
7:17 of 2nd period - Pavel Zacha wins face-off versus Derek Grant in Edmonton Oilers zone.
7:37 of 2nd period - Backhand shot by Jacob Trouba.
7:37 of 2nd period - Shot Misses the Net.
7:39 of 2nd period - Slapshot by Jacob Trouba.
7:39 of 2nd period - Stopped by Leevi Merilainen with a rebound.
7:41 of 2nd period - Slapshot by David Farrance.
7:41 of 2nd period - Stopped by Leevi Merilainen with a rebound.
7:53 of 2nd period - Snap shot by Derek Grant.
7:53 of 2nd period - Stopped by Leevi Merilainen without a rebound.
7:54 of 2nd period - Mikael Backlund wins face-off versus Ryan Donato in Boston Bruins zone.
8:19 of 2nd period - Tyson Barrie is hit by Boone Jenner and loses puck.
8:42 of 2nd period - Snap shot by Dawson Mercer.
8:42 of 2nd period - Shot Blocked by Dylan Gambrell.
8:48 of 2nd period - Paul Stastny is hit by Joonas Donskoi.
10:06 of 2nd period - Brandon Hagel is hit by Brett Pesce and loses puck.
10:29 of 2nd period - Off-side.
10:30 of 2nd period - Derek Grant wins face-off versus Dylan Gambrell in neutral zone.
10:40 of 2nd period - Jacob Trouba beats up Mathieu Olivier.
10:40 of 2nd period - Penalty to Jacob Trouba for Fighting.
10:40 of 2nd period - Penalty to Mathieu Olivier for Fighting.
10:41 of 2nd period - Ryan Donato wins face-off versus Brock Boeser in Edmonton Oilers zone.
10:42 of 2nd period - Wrist shot by Joel Farabee.
10:42 of 2nd period - Shot Misses the Net.
11:11 of 2nd period - Snap shot by Pavel Zacha.
11:11 of 2nd period - Stopped by Matt Murray without a rebound.
11:12 of 2nd period - Boone Jenner wins face-off versus Pavel Zacha in Edmonton Oilers zone.
11:12 of 2nd period - Boone Jenner is hit by Charlie McAvoy.
11:26 of 2nd period - Snap shot by Adrian Kempe.
11:26 of 2nd period - Stopped by Leevi Merilainen without a rebound.
11:27 of 2nd period - Mikael Backlund wins face-off versus Ryan Donato in Boston Bruins zone.
11:36 of 2nd period - Slapshot by Samuel Girard.
11:36 of 2nd period - Deflect By Phil Kessel.
11:36 of 2nd period - Shot Blocked by Jake DeBrusk.
11:36 of 2nd period - Puck is out of play.
11:37 of 2nd period - Ryan Donato wins face-off versus Mikael Backlund in Edmonton Oilers zone.
11:44 of 2nd period - Snap shot by Joel Farabee.
11:44 of 2nd period - Stopped by Matt Murray with a rebound.
11:46 of 2nd period - Snap shot by Ryan Donato.
11:46 of 2nd period - Stopped by Matt Murray with a rebound.
11:48 of 2nd period - Slapshot by Sean Durzi.
11:48 of 2nd period - Stopped by Matt Murray with a rebound.
11:50 of 2nd period - Wrist shot by Phil Kessel.
11:50 of 2nd period - Goal by Phil Kessel - Boston Bruins : 4 - Edmonton Oilers : 1.
11:51 of 2nd period - Boone Jenner wins face-off versus Joe Veleno in neutral zone.
11:53 of 2nd period - Minor Penalty to Brandon Carlo for Holding.
11:54 of 2nd period - Pavel Zacha wins face-off versus David Perron in Edmonton Oilers zone.
12:29 of 2nd period - Snap shot by Joel Farabee.
12:29 of 2nd period - Shot Blocked by Evan Bouchard.
12:31 of 2nd period - Wrist shot by Joel Farabee.
12:31 of 2nd period - Stopped by Matt Murray with a rebound.
12:33 of 2nd period - Snap shot by Ryan Donato.
12:33 of 2nd period - Stopped by Matt Murray with a rebound.
12:45 of 2nd period - Slapshot by David Perron.
12:45 of 2nd period - Goal by David Perron - Boston Bruins : 4 - Edmonton Oilers : 2.
12:46 of 2nd period - David Perron wins face-off versus Ryan Donato in neutral zone.
12:53 of 2nd period - Slapshot by David Perron.
12:53 of 2nd period - Goal by David Perron - Boston Bruins : 4 - Edmonton Oilers : 3.
12:54 of 2nd period - Anthony Beauvillier wins face-off versus David Perron in neutral zone.
13:01 of 2nd period - Snap shot by Brandon Hagel.
13:01 of 2nd period - Shot Misses the Net.
13:38 of 2nd period - Brett Pesce is hit by Brandon Hagel and loses puck.
13:49 of 2nd period - Phil Kessel is hit by Boone Jenner and loses puck.
13:53 of 2nd period - Penalty to Brandon Carlo is over, Brandon Carlo is back on ice.
14:05 of 2nd period - Minor Penalty to Brandon Carlo for Elbowing.
14:06 of 2nd period - Adrian Kempe wins face-off versus Pavel Zacha in Edmonton Oilers zone.
14:32 of 2nd period - Icing by Ryan Donato.
14:33 of 2nd period - Ryan Donato wins face-off versus Adrian Kempe in Boston Bruins zone.
14:35 of 2nd period - Icing by Charlie McAvoy.
14:36 of 2nd period - Adrian Kempe wins face-off versus Ryan Donato in Boston Bruins zone.
15:13 of 2nd period - Snap shot by Phil Kessel.
15:13 of 2nd period - Deflect By Joel Farabee.
15:13 of 2nd period - Shot Misses the Net.
15:13 of 2nd period - Puck is out of play.
15:14 of 2nd period - David Perron wins face-off versus Pavel Zacha in Edmonton Oilers zone.
15:28 of 2nd period - Pavel Zacha is hit by Jake DeBrusk and loses puck.
15:40 of 2nd period - Penalty to Jacob Trouba is over, Jacob Trouba is back on ice.
16:05 of 2nd period - Penalty to Brandon Carlo is over, Brandon Carlo is back on ice.
16:10 of 2nd period - Off-side.
16:11 of 2nd period - Jeff Carter wins face-off versus Joe Veleno in neutral zone.
16:14 of 2nd period - Wrist shot by Jeff Carter.
16:14 of 2nd period - Stopped by Leevi Merilainen without a rebound.
16:15 of 2nd period - John-Jason Peterka wins face-off versus Jeff Carter in Boston Bruins zone.
16:15 of 2nd period - John-Jason Peterka is hit by Brandon Carlo.
17:06 of 2nd period - Wrist shot by Joel Farabee.
17:06 of 2nd period - Shot Blocked by Mikael Backlund.
17:08 of 2nd period - Slapshot by Jacob Larsson.
17:08 of 2nd period - Deflect By Joel Farabee.
17:08 of 2nd period - Stopped by Matt Murray with a rebound.
17:10 of 2nd period - Backhand shot by Phil Kessel.
17:10 of 2nd period - Stopped by Matt Murray with a rebound.
17:12 of 2nd period - Snap shot by Joel Farabee.
17:12 of 2nd period - Stopped by Matt Murray without a rebound.
17:13 of 2nd period - Jeff Carter wins face-off versus Joe Veleno in Edmonton Oilers zone.
17:20 of 2nd period - Slapshot by Dawson Mercer.
17:20 of 2nd period - Deflect By Jeff Carter.
17:20 of 2nd period - Shot Blocked by Nicholas Merkley.
17:20 of 2nd period - Puck is out of play.
17:21 of 2nd period - Jeff Carter wins face-off versus Joe Veleno in Boston Bruins zone.
17:46 of 2nd period - Backhand shot by David Perron.
17:46 of 2nd period - Stopped by Leevi Merilainen with a rebound.
18:16 of 2nd period - Off-side.
18:17 of 2nd period - Pavel Zacha wins face-off versus Jake DeBrusk in neutral zone.
19:28 of 2nd period - Slapshot by Derek Grant.
19:28 of 2nd period - Stopped by Leevi Merilainen with a rebound.
19:52 of 2nd period - Wrist shot by Anthony Beauvillier.
19:52 of 2nd period - Stopped by Matt Murray with a rebound.
19:54 of 2nd period - Wrist shot by Anthony Beauvillier.
19:54 of 2nd period - Stopped by Matt Murray with a rebound.
19:56 of 2nd period - Slapshot by Charlie McAvoy.
19:56 of 2nd period - Shot Blocked by Mikael Backlund.
Goals for this period are 3 for Boston Bruins vs 2 for Edmonton Oilers.
Shots for this period are 17 for Boston Bruins vs 12 for Edmonton Oilers.
3rd period
0:01 of 3rd period - Pavel Zacha wins face-off versus David Perron in neutral zone.
0:10 of 3rd period - Slapshot by Sean Durzi.
0:10 of 3rd period - Stopped by Matt Murray with a rebound.
0:22 of 3rd period - Minor Penalty to David Perron for Tripping.
0:23 of 3rd period - Dawson Mercer wins face-off versus Pavel Zacha in Edmonton Oilers zone.
1:02 of 3rd period - Snap shot by Joel Farabee.
1:02 of 3rd period - Shot Misses the Net.
1:20 of 3rd period - Slapshot by Phil Kessel.
1:20 of 3rd period - Goal by Phil Kessel - Boston Bruins : 5 - Edmonton Oilers : 3.
1:21 of 3rd period - Mikael Backlund wins face-off versus Brandon Hagel in neutral zone.
1:24 of 3rd period - Snap shot by Mikael Backlund.
1:24 of 3rd period - Goal by Mikael Backlund - Boston Bruins : 5 - Edmonton Oilers : 4.
1:25 of 3rd period - Mikael Backlund wins face-off versus Ryan Donato in neutral zone.
1:35 of 3rd period - Minor Penalty to Scott Mayfield for Hooking.
1:36 of 3rd period - Pavel Zacha wins face-off versus Jake DeBrusk in Edmonton Oilers zone.
1:46 of 3rd period - Snap shot by Pavel Zacha.
1:46 of 3rd period - Deflect By Brandon Hagel.
1:46 of 3rd period - Shot Blocked by Brett Pesce.
1:46 of 3rd period - Puck is out of play.
1:47 of 3rd period - Adrian Kempe wins face-off versus Pavel Zacha in Edmonton Oilers zone.
2:02 of 3rd period - Slapshot by Sean Durzi.
2:02 of 3rd period - Deflect By Brandon Hagel.
2:02 of 3rd period - Stopped by Matt Murray with a rebound.
3:20 of 3rd period - Sean Durzi is hit by David Perron and loses puck.
3:35 of 3rd period - Penalty to Scott Mayfield is over, Scott Mayfield is back on ice.
3:45 of 3rd period - Snap shot by Jeff Carter.
3:45 of 3rd period - Goal by Jeff Carter - Boston Bruins : 5 - Edmonton Oilers : 5.
3:46 of 3rd period - Paul Stastny wins face-off versus Pavel Zacha in neutral zone.
4:18 of 3rd period - Snap shot by Phil Kessel.
4:18 of 3rd period - Deflect By Joel Farabee.
4:18 of 3rd period - Shot Misses the Net.
4:18 of 3rd period - Puck is out of play.
4:19 of 3rd period - Ryan Donato wins face-off versus Boone Jenner in Edmonton Oilers zone.
5:34 of 3rd period - Slapshot by Tyson Barrie.
5:34 of 3rd period - Stopped by Matt Murray with a rebound.
5:36 of 3rd period - Slapshot by Tyson Barrie.
5:36 of 3rd period - Stopped by Matt Murray without a rebound.
5:37 of 3rd period - Boone Jenner wins face-off versus Dylan Gambrell in Edmonton Oilers zone.
5:42 of 3rd period - Snap shot by Boone Jenner.
5:42 of 3rd period - Stopped by Leevi Merilainen without a rebound.
5:43 of 3rd period - Boone Jenner wins face-off versus Ryan Donato in Boston Bruins zone.
5:44 of 3rd period - Slapshot by Adrian Kempe.
5:44 of 3rd period - Deflect By Phil Kessel.
5:44 of 3rd period - Stopped by Leevi Merilainen with a rebound.
6:12 of 3rd period - Slapshot by Jeff Carter.
6:12 of 3rd period - Stopped by Leevi Merilainen without a rebound.
6:13 of 3rd period - Pavel Zacha wins face-off versus Jeff Carter in Boston Bruins zone.
6:18 of 3rd period - Slapshot by Anthony Beauvillier.
6:18 of 3rd period - Shot Blocked by Jeff Carter.
6:20 of 3rd period - Slapshot by Anthony Beauvillier.
6:20 of 3rd period - Stopped by Matt Murray with a rebound.
6:37 of 3rd period - Charlie McAvoy is hit by Paul Stastny and loses puck.
6:52 of 3rd period - Snap shot by Paul Stastny.
6:52 of 3rd period - Shot Misses the Net.
7:00 of 3rd period - Brett Pesce is hit by Anthony Beauvillier and loses puck.
7:09 of 3rd period - Slapshot by Brett Pesce.
7:09 of 3rd period - Shot Misses the Net.
7:11 of 3rd period - Wrist shot by Paul Stastny.
7:11 of 3rd period - Shot Misses the Net.
7:13 of 3rd period - Wrist shot by Paul Stastny.
7:13 of 3rd period - Stopped by Leevi Merilainen with a rebound.
7:29 of 3rd period - Wrist shot by Jeff Carter.
7:29 of 3rd period - Stopped by Leevi Merilainen with a rebound.
7:37 of 3rd period - Wrist shot by Dawson Mercer.
7:37 of 3rd period - Stopped by Leevi Merilainen without a rebound.
7:38 of 3rd period - Mikael Backlund wins face-off versus Joe Veleno in Boston Bruins zone.
8:03 of 3rd period - Snap shot by Tanner Jeannot.
8:03 of 3rd period - Shot Blocked by John-Jason Peterka.
8:25 of 3rd period - Joe Veleno is hit by David Perron and loses puck.
8:40 of 3rd period - Wrist shot by John-Jason Peterka.
8:40 of 3rd period - Stopped by Matt Murray with a rebound.
8:42 of 3rd period - Snap shot by Charlie McAvoy.
8:42 of 3rd period - Deflect By Nicholas Merkley.
8:42 of 3rd period - Shot Misses the Net.
8:42 of 3rd period - Puck is out of play.
8:43 of 3rd period - Mikael Backlund wins face-off versus Ryan Donato in Edmonton Oilers zone.
9:10 of 3rd period - Jacob Trouba is hit by Mathieu Olivier and loses puck.
9:18 of 3rd period - Icing by Mikael Backlund.
9:19 of 3rd period - Mikael Backlund wins face-off versus Ryan Donato in Edmonton Oilers zone.
9:28 of 3rd period - Slapshot by Mikael Backlund.
9:28 of 3rd period - Shot Blocked by Jacob Larsson.
9:30 of 3rd period - Snap shot by Jake DeBrusk.
9:30 of 3rd period - Shot Blocked by Matt Grzelcyk.
11:10 of 3rd period - Snap shot by Jake DeBrusk.
11:10 of 3rd period - Stopped by Leevi Merilainen with a rebound.
11:12 of 3rd period - Wrist shot by Mikael Backlund.
11:12 of 3rd period - Shot Misses the Net.
11:22 of 3rd period - Snap shot by Brock Boeser.
11:22 of 3rd period - Shot Blocked by Dylan Gambrell.
11:26 of 3rd period - Snap shot by Jake DeBrusk.
11:26 of 3rd period - Shot Misses the Net.
11:30 of 3rd period - Snap shot by Brock Boeser.
11:30 of 3rd period - Stopped by Leevi Merilainen without a rebound.
11:31 of 3rd period - Boone Jenner wins face-off versus Ryan Donato in Boston Bruins zone.
11:41 of 3rd period - Minor Penalty to Tyson Barrie for Hooking.
11:42 of 3rd period - Boone Jenner wins face-off versus Anthony Beauvillier in Boston Bruins zone.
12:14 of 3rd period - Slapshot by Boone Jenner.
12:14 of 3rd period - Stopped by Leevi Merilainen without a rebound.
12:15 of 3rd period - Boone Jenner wins face-off versus Brandon Hagel in Boston Bruins zone.
12:39 of 3rd period - Dawson Mercer is hit by Sean Durzi and loses puck.
13:41 of 3rd period - Penalty to Tyson Barrie is over, Tyson Barrie is back on ice.
13:42 of 3rd period - Phil Kessel is hit by Brett Pesce and loses puck.
13:53 of 3rd period - Wrist shot by Derek Grant.
13:53 of 3rd period - Stopped by Leevi Merilainen without a rebound.
13:54 of 3rd period - Derek Grant wins face-off versus Joe Veleno in Boston Bruins zone.
13:59 of 3rd period - Slapshot by Evan Bouchard.
13:59 of 3rd period - Shot Blocked by Jacob Larsson.
14:01 of 3rd period - Snap shot by Dylan Holloway.
14:01 of 3rd period - Stopped by Leevi Merilainen without a rebound.
14:02 of 3rd period - Jeff Carter wins face-off versus Joe Veleno in Boston Bruins zone.
14:46 of 3rd period - Icing by Evan Bouchard.
14:47 of 3rd period - Boone Jenner wins face-off versus Ryan Donato in Edmonton Oilers zone.
15:17 of 3rd period - Charlie McAvoy is hit by Brett Pesce.
15:45 of 3rd period - Snap shot by Nicholas Merkley.
15:45 of 3rd period - Stopped by Matt Murray with a rebound.
16:03 of 3rd period - Brandon Carlo is hit by Joonas Donskoi and loses puck.
17:14 of 3rd period - Wrist shot by Dawson Mercer.
17:14 of 3rd period - Stopped by Leevi Merilainen without a rebound.
17:15 of 3rd period - Pavel Zacha wins face-off versus Jeff Carter in Boston Bruins zone.
17:36 of 3rd period - Minor Penalty to Brett Pesce for Interference.
17:37 of 3rd period - Pavel Zacha wins face-off versus Adrian Kempe in Edmonton Oilers zone.
17:42 of 3rd period - Snap shot by Anthony Beauvillier.
17:42 of 3rd period - Goal by Anthony Beauvillier - Boston Bruins : 6 - Edmonton Oilers : 5.
17:43 of 3rd period - Joe Veleno wins face-off versus Jeff Carter in neutral zone.
17:54 of 3rd period - Snap shot by John-Jason Peterka.
17:54 of 3rd period - Deflect By Nicholas Merkley.
17:54 of 3rd period - Shot Misses the Net.
17:54 of 3rd period - Puck is out of play.
17:55 of 3rd period - Jeff Carter wins face-off versus Joe Veleno in Edmonton Oilers zone.
17:55 of 3rd period - Jeff Carter is hit by Charlie McAvoy.
18:01 of 3rd period - Nicholas Merkley is hit by Jeff Carter and loses puck.
18:29 of 3rd period - Snap shot by Dylan Holloway.
18:29 of 3rd period - Shot Misses the Net.
18:31 of 3rd period - Edmonton Oilers, Matt Murray is pulled from the net.
19:02 of 3rd period - Anthony Beauvillier is hit by Boone Jenner and loses puck.
19:19 of 3rd period - Wrist shot by David Perron.
19:19 of 3rd period - Shot Misses the Net.
19:21 of 3rd period - Snap shot by Jacob Trouba.
19:21 of 3rd period - Shot Misses the Net.
19:27 of 3rd period - Snap shot by David Perron.
19:27 of 3rd period - Shot Blocked by Sean Durzi.
19:29 of 3rd period - Wrist shot by Brandon Carlo.
19:29 of 3rd period - Stopped by Leevi Merilainen with a rebound.
19:31 of 3rd period - Wrist shot by Boone Jenner.
19:31 of 3rd period - Goal by Boone Jenner - Boston Bruins : 6 - Edmonton Oilers : 6.
19:31 of 3rd period - Matt Murray from Edmonton Oilers was sent back in the game.
19:32 of 3rd period - Joe Veleno wins face-off versus Jeff Carter in neutral zone.
19:37 of 3rd period - Slapshot by Charlie McAvoy.
19:37 of 3rd period - Stopped by Matt Murray with a rebound.
19:39 of 3rd period - Wrist shot by John-Jason Peterka.
19:39 of 3rd period - Stopped by Matt Murray with a rebound.
19:41 of 3rd period - Snap shot by Joe Veleno.
19:41 of 3rd period - Stopped by Matt Murray with a rebound.
19:43 of 3rd period - Snap shot by Nicholas Merkley.
19:43 of 3rd period - Shot Misses the Net.
19:45 of 3rd period - Wrist shot by John-Jason Peterka.
19:45 of 3rd period - Goal by John-Jason Peterka - Boston Bruins : 7 - Edmonton Oilers : 6.
19:46 of 3rd period - Pavel Zacha wins face-off versus Boone Jenner in neutral zone.
Goals for this period are 3 for Boston Bruins vs 3 for Edmonton Oilers.
Shots for this period are 13 for Boston Bruins vs 16 for Edmonton Oilers.
Back to the Top